 Dungeon Crawl Stone Soup version 0.30-a0-137-gd8773701ce (webtiles) character file.

Game seed: 10874769156502759504

111679 Sobieck the Marksfrog (level 16, -7/133 HPs)
             Began as a Barachi Hunter on Sept 19, 2022.
             Was the Champion of Fedhas.
             Mangled by a jorogumo (13 damage)
             ... on level 1 of the Spider Nest on Sept 23, 2022.
             The game lasted 01:15:18 (25765 turns).

Sobieck the Marksfrog (Barachi Hunter)             Turns: 25765, Time: 01:15:19

Health: -7/133     AC: 14    Str: 16    XL:     16   Next: 58%
Magic:  26/26      EV: 29    Int:  9    God:    Fedhas [******]
Gold:   2083       SH:  5    Dex: 24    Spells: 15/15 levels left

rFire   + . .      SeeInvis .    b - +5 arbalest (freeze) {crossbow}
rCold   . . .      Faith    .    (shield currently unavailable)
rNeg    + . .      Spirit   .    z - +2 troll leather armour
rPois   .          Reflect  +    w - +1 hat
rElec   .          Harm     .    t - +1 cloak
rCorr   .          Rampage  .    L - +2 pair of gloves {Str+3}
Will    +....                    W - +1 pair of boots
Stlth   ++........               e - amulet of reflection
HPRegen 1.12/turn                q - ring of the Scarab {rF+ rN+}
MPRegen 0.20/turn                o - +4 ring of evasion

@: lethally poisoned (-7 -> -10), hasted, invisible, quick
A: amphibious, slowness 1, strong legs 2, +LOS
a: Hop, Renounce Religion, Wall of Briars, Grow Ballistomycete, Overgrow, Grow
Oklob


You were on level 1 of the Spider Nest.
You worshipped Fedhas.
Fedhas was exalted by your worship.
You visited 5 branches of the dungeon, and saw 25 of its levels.
You visited the Abyss 2 times.
You also visited: Ice Cave.

You collected 2556 gold pieces.
You spent 473 gold pieces at shops.


Innate Abilities, Weirdness & Mutations

You are amphibious.
You cover ground slowly.
You can hop long distances.
You have an extended range of vision and can be seen from far away.


   Skills:
 - Level 14.0 Fighting
 - Level 18.0 Ranged Weapons
 - Level 15.0 Dodging
 - Level 0.8 Stealth
 + Level 14.5 Invocations


You had 15 spell levels left.
You didn't know any spells.
Your spell library contained the following spells:

 Spells                   Type           Power      Damage    Failure   Level
 Apportation              Tloc           0%         N/A       45%         1
 Foxfire                  Conj/Fire      0%         2x1d4     45%         1
 Magic Dart               Conj           0%         1d3       45%         1
 Slow                     Hex            0%         N/A       45%         1
 Sting                    Tmut/Pois      0%         1d3       45%         1
 Cigotuvi's Dreadful Rot  Necr/Pois/Air  0%         N/A       58%         2
 Ensorcelled Hibernation  Hex/Ice        0%         N/A       58%         2
 Passwall                 Tmut/Erth      0%         N/A       58%         2
 Searing Ray              Conj           0%         2d4       58%         2
 Sublimation of Blood     Necr           0%         N/A       58%         2
 Wereblood                Tmut           0%         N/A       58%         2
 Confusing Touch          Hex            0%         N/A       83%         3
 Gell's Gravitas          Tloc           0%         N/A       83%         3
 Inner Flame              Hex/Fire       0%         N/A       83%         3
 Kindle Blastsparks       Fire/Tloc/Air  0%         2d10      83%         3
 Spider Form              Tmut/Pois      0%         N/A       83%         3
 Stone Arrow              Conj/Erth      0%         3d7       83%         3
 Teleport Other           Tloc           0%         N/A       83%         3
 Vampiric Draining        Necr           0%         2d6       83%         3
 Anguish                  Hex/Necr       0%         N/A       99%         4
 Animate Armour           Summ/Erth      0%         N/A       99%         4
 Dispel Undead            Necr           0%         3d6       99%         4
 Flame Wave               Conj/Fire      0%         2d4       99%         4
 Fulminant Prism          Conj/Hex       0%         3d6       99%         4
 Passage of Golubria      Tloc           0%         N/A       99%         4
 Petrify                  Tmut/Erth      0%         N/A       99%         4
 Alistair's Intoxication  Tmut/Pois      0%         N/A       100%        5
 Irradiate                Conj/Tmut      0%         3d11      100%        5
 Death Channel            Necr           0%         N/A       100%        6
 Statue Form              Tmut/Erth      0%         N/A       100%        6
 Summon Hydra             Summ           0%         N/A       100%        7
 Lehudib's Crystal Spear  Conj/Erth      0%         10d2      100%        8

Inventory:

Hand Weapons
 a - a +1 shortbow of venom {bow}
 b - a +5 arbalest of freezing (weapon) {crossbow}
   (You took it off an orc warrior on level 9 of the Dungeon)
 I - a +0 dagger of venom {short}
   (You took it off an orc on level 3 of the Dungeon)
Missiles
 c - 2 javelins {throwing}
 f - 18 poisoned darts {throwing}
 y - 5 silver boomerangs {throwing}
 J - 6 atropa-tipped darts {throwing}
Armour
 t - a +1 cloak (worn)
   (You found it on level 2 of the Dungeon)
 w - a +1 hat (worn)
   (You found it on level 6 of the Dungeon)
 z - a +2 troll leather armour (worn)
   (You found it on level 9 of the Dungeon)
 L - a +2 pair of gloves of strength (worn)
   (You found it on level 4 of the Dungeon)
 W - a +1 pair of boots (worn)
   (You found it on level 12 of the Dungeon)
Jewellery
 e - an amulet of reflection (around neck)
   (You found it on level 4 of the Dungeon)
 j - a ring of positive energy
   (You found it on level 1 of the Dungeon)
 o - a +4 ring of evasion (right hand)
   (You found it on level 3 of the Lair of Beasts)
 q - the ring of the Scarab (left hand) {rF+ rN+}
   (You found it on level 5 of the Lair of Beasts)

   [ring of positive energy]

   rF:        It protects you from fire.
   rN:        It protects you from negative energy.
 s - a ring of wizardry
   (You found it on level 2 of the Lair of Beasts)
 A - an amulet of regeneration {@e2}
   (You found it on level 3 of the Dungeon)
 H - a ring of protection from cold
   (You found it on level 2 of the Orcish Mines)
 R - a ring of flight
   (You found it on level 5 of the Lair of Beasts)
 Y - a +6 ring of strength
   (You found it on level 4 of the Lair of Beasts)
Wands
 g - a wand of flame (102)
   (You found it on level 5 of the Dungeon)
 F - a wand of iceblast (21)
   (You found it on level 5 of the Dungeon)
 M - a wand of quicksilver (5)
   (You found it on level 9 of the Dungeon)
 P - a wand of charming (16)
   (You found it on level 9 of the Dungeon)
 V - a wand of mindburst (24)
   (You found it on level 2 of the Lair of Beasts)
 X - a wand of polymorph (12)
   (You found it on level 10 of the Dungeon)
Scrolls
 h - 7 scrolls of blinking {!r}
 k - 4 scrolls of vulnerability {!r!r}
 m - 3 scrolls of immolation {!r!r}
 r - a scroll of fear
 v - 14 scrolls of teleportation {@r4}
 C - a scroll of poison {!r}
 D - a scroll of butterflies
 E - 9 scrolls of identify {@r1}
 K - 4 scrolls of magic mapping {!r}
 Z - a scroll of silence {!r}
Potions
 l - 2 potions of invisibility
 n - 2 potions of berserk rage {!q}
 p - 8 potions of magic
 u - 3 potions of brilliance
 x - 6 potions of curing {@q1}
 B - 2 potions of mutation {!q}
 G - a potion of resistance
 N - 8 potions of attraction {!q}
 O - 7 potions of lignification {!q}
 Q - 3 potions of cancellation
 T - 3 potions of flight
 U - 8 potions of might
Miscellaneous
 S - a tin of tremorstones (2/2) {throwing}
   (You found it on level 10 of the Dungeon)

Dungeon Overview and Level Annotations

Branches:
Dungeon (15/15) Zot: 25445  Temple (1/1) D:5 Zot: 5920    Lair (5/5) D:9 Zot: 23654
 Shoals (0/4) Lair:2       Spider (2/4) Lair:2 Zot: 10907   Slime (0/5) Lair:4
    Orc (2/2) D:9 Zot: 10380     Elf (0/3) Orc:2        Vaults (0/5) D:13
 Depths (0/4) D:15          IceCv (visited)

Altars:
Ashenzari
Cheibriados
Dithmenos
Elyvilon
Fedhas
Gozag
Hepliaklqana
Kikubaaqudgha
Makhleb
Nemelex Xobeh
Okawaru
Qazlal
Ru
Sif Muna
Trog
Uskayaw
Vehumet
Wu Jian
Xom
Yredelemnul
Zin
The Shining One
Jiyva

Shops:
D:10 [   Orc:1 ( Orc:2

**(? #
##....................#...#...#
####.................#.......#.##
.....#....#..#..#..#.##..#.#..#..
..........#...........##.........
#####...#..#........#^##..#.#####
##.##.##.#.#.####^#.###...#...#
#..###.#..#....^....# ##.......
###...######^..#....## #.#.#..#
#..## #..@>.#...# ###..### #.##
##†H#.#..## #### # ### #......##
# ##.##..###### #..........#####
##.##.#.#.#....# ###...........#
##..##..##...# #..#.#.####..#


You could see a jorogumo.


Message History

You feel better. The redback barely misses you. The jorogumo misses you.
The tarantella touches you but does no damage.
Unknown command.
Unknown command.
You cannot shoot with your arbalest while caught in a web.
Unknown command.
Unknown command.
The redback closely misses you. The jorogumo casts a spell at you.
The stream of webbing misses you. The tarantella misses you.
The jorogumo hits you but does no damage.
Unknown command.
Unknown command.
You are too injured to fight recklessly!
You are too injured to fight recklessly!
Fire: b) +5 arbalest (freeze) {crossbow}
Press: ? - help, Q - select action, (/) - cycle Shift-Dir - straight line, f/p - tarantella
Aim: a tarantella (moderately wounded, unable to see you, 68% to hit)
You shoot a bolt. The bolt hits the jorogumo!!!
The bolt freezes the jorogumo!
The redback completely misses you. The jorogumo hits you!!
* * * LOW HITPOINT WARNING * * *
You feel yourself slow down.
Fire: b) +5 arbalest (freeze) {crossbow}
Press: ? - help, Q - select action, (/) - cycle Shift-Dir - straight line, f/p - tarantella
Aim: a tarantella (moderately wounded, unable to see you, 68% to hit)
You shoot a bolt. The bolt misses the jorogumo.
The bolt hits the tarantella!
The bolt freezes the tarantella.
You feel yourself speed up. The redback barely misses you.
The jorogumo closely misses you.
Fire: b) +5 arbalest (freeze) {crossbow}
Press: ? - help, Q - select action, (/) - cycle Shift-Dir - straight line, f/p - tarantella
Aim: a tarantella (almost dead, unable to see you, 68% to hit)
You shoot a bolt. The bolt hits the tarantella!
The bolt freezes the tarantella.
You kill the tarantella!
Fedhas appreciates your contribution to the ecosystem.
The redback misses you.
The jorogumo stares at you and mumbles some strange words.
The stream of webbing misses you.
Fire: b) +5 arbalest (freeze) {crossbow}
Press: ? - help, Q - select action, (/) - cycle Shift-Dir - straight line, f - redback
Aim: a redback (unable to see you, 72% to hit)
You shoot a bolt.
The bolt hits the redback but does no damage.
You block the redback's attack.
Fire: b) +5 arbalest (freeze) {crossbow}
Press: ? - help, Q - select action, (/) - cycle Shift-Dir - straight line, f/p - redback
Aim: a redback (unable to see you, 72% to hit)
You shoot a bolt. The bolt closely misses the redback.
The jorogumo misses you. The redback closely misses you.
Fire: b) +5 arbalest (freeze) {crossbow}
Press: ? - help, Q - select action, (/) - cycle Shift-Dir - straight line, f/p - redback
Aim: a redback (unable to see you, 72% to hit)
You shoot a bolt. The bolt hits the redback!!
The bolt freezes the redback!
The redback completely misses you. The jorogumo completely misses you.
Fire: b) +5 arbalest (freeze) {crossbow}
Press: ? - help, Q - select action, (/) - cycle Shift-Dir - straight line, f/p - redback
Aim: a redback (almost dead, unable to see you, 72% to hit)
You shoot a bolt. The bolt barely misses the redback.
The redback barely misses you.
The jorogumo stares at you and mumbles some strange words.
The bolt of negative energy misses you.
Fire: b) +5 arbalest (freeze) {crossbow}
Press: ? - help, Q - select action, (/) - cycle Shift-Dir - straight line, f/p - redback
Aim: a redback (almost dead, unable to see you, 72% to hit)
You shoot a bolt. The bolt closely misses the redback.
The redback completely misses you. The jorogumo hits you.
* * * LOW HITPOINT WARNING * * *
You are lethally poisoned!
You feel yourself slow down.
Fire: b) +5 arbalest (freeze) {crossbow}
Press: ? - help, Q - select action, (/) - cycle Shift-Dir - straight line, f/p - redback
Aim: a redback (almost dead, unable to see you, 72% to hit)
You shoot a bolt. The bolt hits the redback.
The bolt freezes the redback.
You kill the redback!
Fedhas appreciates your contribution to the ecosystem.
You feel yourself speed up.
* * * LOW HITPOINT WARNING * * *
You feel very sick. The jorogumo completely misses you.
Unknown command.
You feel better. The jorogumo hits you.
* * * LOW HITPOINT WARNING * * *
You are poisoned.
You feel yourself slow down.
Fire: b) +5 arbalest (freeze) {crossbow}
Press: ? - help, Q - select action, (/) - cycle Shift-Dir - straight line, f - jorogumo
Aim: a jorogumo (severely wounded, 68% to hit)
You shoot a bolt. The bolt hits the jorogumo!
The bolt freezes the jorogumo!
You feel yourself speed up.
* * * LOW HITPOINT WARNING * * *
You feel very sick. The jorogumo completely misses you.
Fire: b) +5 arbalest (freeze) {crossbow}
Press: ? - help, Q - select action, (/) - cycle Shift-Dir - straight line, f/p - jorogumo
Aim: a jorogumo (almost dead, 68% to hit)
You shoot a bolt. The bolt barely misses the jorogumo.
You feel sick. The jorogumo hits you!
You die...
Fedhas appreciates your contribution to the ecosystem.

Skill      XL: |  1  2  3  4  5  6  7  8  9 10 11 12 13 14 15 16 |
---------------+-------------------------------------------------+-----
Ranged Weapons | 5 6 7 8 9 10 11 12 14 16 18 | 18.0
Fighting       | 4 6 9 11 13 14 | 14.0
Invocations    | 2 4 5 7 9 12 14 | 14.5
Dodging        | 4 6 8 10 11 12 14 15 | 15.0
Stealth        | |  0.8

Action                   |  1- 3 |  4- 6 |  7- 9 | 10-12 | 13-15 | 16-18 || total
-------------------------+-------+-------+-------+-------+-------+-------++-------
Melee: Unarmed           |       |       |       |       |     5 |       ||     5
 Fire: Shortbow          |    96 |   258 |   263 |   816 |   673 |       ||  2106
       Arbalest          |       |       |       |    14 |   786 |   240 ||  1040
Invok: Wall of Briars    |       |       |       |     1 |     4 |       ||     5
       Overgrow          |       |       |       |     1 |       |       ||     1
       Grow Ballistomyce |       |       |       |       |     4 |       ||     4
       Grow Oklob        |       |       |       |       |     1 |       ||     1
 Abil: Hop               |     1 |     8 |     3 |    13 |    28 |       ||    53
  Use: Scroll            |       |    12 |     6 |     8 |    15 |     2 ||    43
       Potion            |       |       |     1 |     3 |     5 |     6 ||    15
Armor: Leather armour    |     6 |    30 |    30 |    12 |       |       ||    78
       Troll leather arm |       |       |       |    60 |   107 |    18 ||   185
Dodge: Dodged            |    29 |    70 |    46 |   193 |   515 |   148 ||  1001
Block: Other             |       |     3 |    13 |    58 |   122 |    25 ||   221
       Reflection        |       |       |       |     4 |     4 |     2 ||    10

Levels and vault maps discovered:
D:1:      minmay_arrival_four_circles, layout_basic,
          hellmonk_ecumenical_altar_heavens_door
D:2:      layout_loops_cross
D:3:      layout_rooms, due_unseen_surprise
D:4:      layout_layer_cave, kennysheep_mini, old_standard_altar
D:5:      layout_rooms, ashenzari_altar_1, mainiacjoe_overflow_alcove_4,
          minmay_temple_entry_tees
D:6:      layout_basic, minmay_misc_feat_tower
D:7:      layout_loops_corners, nicolae_vehumet_radiance, minitemple,
          uniq_duvessa
D:8:      layout_loops_ring, mainiacjoe_overflow_24_doors,
          nicolae_ru_the_path_less_chosen, uniq_maggie
D:9:      minmay_recursive_quarters, layout_stronghold, demons_altar,
          erik_lair_orcish_takeover, minmay_orc_entry_temple_small,
          serial_column_ruins, column_ruins_hut, column_ruins_hut,
          column_ruins_grid_1, column_ruins_columns_straight,
          column_ruins_grid_1, column_ruins_grid_1, column_ruins_corridor_T,
          uniq_joseph
D:10:     layout_basic, mainiacjoe_overflow_alcove_2,
          nicolae_tso_swordbearing_angel, special_room [special_room_orc],
          nicolae_shop_dragon_depot
D:11:     layout_stronghold
D:12:     layout_basic, einodemon_barbed_minivault, uniq_jorgrun
D:13:     layout_basic, grunt_vaults_entry_fortified, uniq_josephine
D:14:     layout_small_grid, portal_ice_cave_entry_ice_statue_one,
          amethyst_killhole
D:15:     grunt_enter_depths_giant_problem, layout_loops_ring, serial_undead,
          serial_undead_e, serial_undead_a, serial_undead_c, serial_undead_e,
          grunt_decor_clamped, uniq_roxanne
Temple:   nicolae_temple_cloud_nine
Lair:1:   layout_loops_ring
Lair:2:   layout_roguey, elwin_shoals_entry_rooms, spider_nest_entry_web_field
Lair:3:   layout_chaotic_city, uniq_kirke
Lair:4:   layout_hall_layers, minmay_slime_entry_jelly_boxes,
          minmay_lair_oklob_bushes
Lair:5:   grunt_lair_end_beastmaster, layout_concentric_octagons,
          enter_volcano_2, grunt_forest_large_clearing_hut
Spider:1: layout_spider_delve, hangedman_spider_tarantella_strand
Spider:2: layout_spider_delve, nicolae_looking_at_the_future
Orc:1:    layout_caves, serial_shops, nicolae_shop_statue_plus, mines2_lemuel,
          uniq_snorg
Orc:2:    st_orc_mages, layout_caves, gammafunk_ghost_grave, mines_bat_river

Notes
Turn   | Place    | Note
-------+----------+-------------------------------------------
     0 | D:1      | Sobieck the Barachi Hunter began the quest for the Orb.
     0 | D:1      | Reached XP level 1. HP: 17/17 MP: 1/1
   150 | D:1      | Reached XP level 2. HP: 18/23 MP: 2/2
   387 | D:1      | You pick up a book of Armaments and begin reading...
   387 | D:1      | You add the spells Stone Arrow, Animate Armour and
                  | Lehudib's Crystal Spear to your library.
   465 | D:1      | Found a faded altar of an unknown god.
   515 | D:1      | You pick up a book of Debilitation and begin reading...
   515 | D:1      | You add the spells Slow, Vampiric Draining and Confusing
                  | Touch to your library.
   758 | D:1      | Reached XP level 3. HP: 28/28 MP: 3/3
  1110 | D:2      | Reached skill level 5 in Ranged Weapons
  1396 | D:2      | Reached XP level 4. HP: 21/34 MP: 4/4
  2500 | D:3      | Reached skill level 6 in Ranged Weapons
  2555 | D:3      | Reached XP level 5. HP: 39/39 MP: 5/5
  2687 | D:3      | HP: 8/39 [poisoned by an orc]
  2692 | D:3      | HP: 6/39 [poisoned by an orc]
  3122 | D:4      | Identified the +1 scale mail of the Lion {rC+ Int-3 Dex+4}
  3253 | D:4      | Reached skill level 7 in Ranged Weapons
  3419 | D:4      | Reached XP level 6. HP: 46/46 MP: 6/6
  3433 | D:4      | You pick up a book of Blood and begin reading...
  3433 | D:4      | You add the spells Sublimation of Blood, Wereblood and
                  | Summon Hydra to your library.
  3492 | D:4      | Found a white marble altar of Elyvilon.
  3718 | D:4      | Found a bloodstained altar of Trog.
  3998 | D:5      | Entered Level 5 of the Dungeon
  4151 | D:5      | Noticed an ice beast
  4176 | D:4      | Killed an ice beast
  4177 | D:4      | Reached skill level 8 in Ranged Weapons
  4344 | D:5      | Reached XP level 7. HP: 46/51 MP: 7/7
  4626 | D:5      | Found a staircase to the Ecumenical Temple.
  4643 | Temple   | Entered the Ecumenical Temple
  4702 | Temple   | Became a worshipper of Fedhas Madash
  4755 | D:5      | Found a broken altar of Ashenzari.
  4791 | D:5      | Reached skill level 9 in Ranged Weapons
  4918 | D:5      | Reached XP level 8. HP: 54/57 MP: 8/8
  5125 | D:5      | Found an opulent altar of Gozag.
  5350 | D:6      | Reached skill level 10 in Ranged Weapons
  5478 | D:6      | Reached skill level 3 in Fighting
  5478 | D:6      | Reached skill level 1 in Invocations
  5562 | D:6      | Reached skill level 3 in Dodging
  5613 | D:6      | Reached skill level 2 in Invocations
  5756 | D:6      | Reached skill level 4 in Fighting
  5866 | D:6      | Reached * piety under Fedhas
  6096 | D:6      | Reached skill level 4 in Dodging
  6222 | D:7      | Reached XP level 9. HP: 66/66 MP: 9/11
  6291 | D:7      | Reached skill level 3 in Invocations
  6409 | D:7      | Reached skill level 5 in Fighting
  6486 | D:7      | Found a radiant altar of Vehumet.
  6519 | D:7      | You pick up a book of Conjurations {@e2} and begin
                  | reading...
  6519 | D:7      | You add the spells Magic Dart, Searing Ray and Fulminant
                  | Prism to your library.
  6640 | D:7      | Found a hide-covered altar of Uskayaw.
  6647 | D:7      | Found a shadowy altar of Dithmenos.
  6649 | D:7      | Found a stormy altar of Qazlal.
  6778 | D:7      | You pick up a book of Dreams and begin reading...
  6778 | D:7      | You add the spells Ensorcelled Hibernation, Spider Form and
                  | Anguish to your library.
  6786 | D:7      | Reached skill level 5 in Dodging
  7299 | D:8      | Noticed a two-headed ogre
  7309 | D:8      | Killed a two-headed ogre
  7310 | D:8      | Reached skill level 6 in Fighting
  7310 | D:8      | Reached skill level 11 in Ranged Weapons
  7310 | D:8      | Reached skill level 4 in Invocations
  7537 | D:8      | Reached skill level 6 in Dodging
  7609 | D:8      | Found a shimmering altar of Xom.
  7628 | D:8      | Reached XP level 10. HP: 77/77 MP: 13/13
  7735 | D:8      | Reached ** piety under Fedhas
  7736 | D:8      | Reached skill level 7 in Fighting
  8042 | D:8      | You pick up a book of Flames and begin reading...
  8042 | D:8      | You add the spells Foxfire, Kindle Blastsparks, Inner Flame
                  | and Flame Wave to your library.
  8043 | D:8      | Noticed Maggie
  8056 | D:8      | Killed Maggie
  8057 | D:8      | Reached skill level 5 in Invocations
  8508 | D:8      | Found a sacrificial altar of Ru.
  8597 | D:8      | Reached skill level 7 in Dodging
  9004 | D:9      | Reached skill level 8 in Fighting
  9143 | D:9      | Noticed Joseph
  9180 | D:9      | Killed Joseph
  9216 | D:9      | Found a burning altar of Makhleb.
  9328 | D:9      | Found a staircase to the Orcish Mines.
  9334 | D:9      | Reached skill level 12 in Ranged Weapons
  9365 | D:9      | Reached skill level 8 in Dodging
  9419 | D:9      | Noticed a two-headed ogre
  9439 | D:9      | Killed a two-headed ogre
  9440 | D:9      | Reached skill level 9 in Fighting
  9440 | D:9      | Reached XP level 11. HP: 89/89 MP: 12/14
  9820 | D:9      | Found a staircase to the Lair.
  9846 | D:9      | Reached *** piety under Fedhas
  9930 | D:9      | Reached skill level 9 in Dodging
 10263 | D:10     | Entered Level 10 of the Dungeon
 10391 | D:10     | You pick up a book of Party Tricks and begin reading...
 10391 | D:10     | You add the spells Apportation and Alistair's Intoxication
                  | to your library.
 10419 | D:10     | Reached **** piety under Fedhas
 10525 | D:10     | Reached skill level 13 in Ranged Weapons
 10843 | D:10     | Reached skill level 10 in Dodging
 10850 | D:10     | Found a glowing golden altar of the Shining One.
 10937 | D:10     | Found Rostam's Dragon-Slaying Spoils.
 11048 | D:10     | Found a snail-covered altar of Cheibriados.
 11185 | D:11     | Noticed a cyclops
 11193 | D:11     | Killed a cyclops
 11571 | D:10     | Reached skill level 14 in Ranged Weapons
 11626 | D:11     | Noticed a two-headed ogre
 11635 | D:11     | Killed a two-headed ogre
 11731 | D:11     | Noticed a cyclops
 11744 | D:11     | Killed a cyclops
 12455 | D:12     | Noticed a manticore
 12463 | D:12     | Killed a manticore
 12464 | D:12     | Reached XP level 12. HP: 67/95 MP: 14/16
 12760 | D:12     | Noticed Jorgrun
 12776 | D:12     | Killed Jorgrun
 12850 | D:12     | Reached skill level 6 in Invocations
 12862 | D:12     | Reached skill level 10 in Fighting
 12977 | D:12     | Reached skill level 11 in Dodging
 13432 | D:13     | Noticed a two-headed ogre
 13525 | Lair:1   | Entered Level 1 of the Lair of Beasts
 13845 | Lair:1   | Noticed a boulder beetle
 13877 | Lair:1   | Killed a boulder beetle
 13916 | Lair:1   | Reached skill level 7 in Invocations
 13919 | Lair:1   | Reached skill level 11 in Fighting
 14003 | Lair:1   | Gained mutation: You can hop long distances. [Barachi
                  | growth]
 14003 | Lair:1   | Reached XP level 13. HP: 106/106 MP: 18/18
 14014 | Lair:1   | Reached ***** piety under Fedhas
 14015 | Lair:1   | Reached skill level 15 in Ranged Weapons
 14084 | Lair:1   | You pick up a book of Party Tricks and begin reading...
 14404 | Lair:2   | Found a hole to the Spider Nest.
 14757 | Lair:2   | Reached skill level 12 in Dodging
 14914 | Lair:2   | Found a staircase to the Shoals.
 14930 | Lair:2   | HP: 23/107 [poisoned by a cane toad]
 14934 | Lair:2   | HP: 9/107 [cane toad (3)]
 15461 | Lair:2   | Reached skill level 8 in Invocations
 15467 | Lair:2   | Reached skill level 12 in Fighting
 16022 | Lair:3   | Noticed Kirke
 16285 | Lair:2   | Noticed a sphinx
 16292 | Lair:2   | Killed Kirke
 16778 | Lair:4   | Found a staircase to the Slime Pits.
 16805 | Lair:4   | Found a viscous altar of Jiyva.
 16898 | Lair:4   | You pick up a book of Decay and begin reading...
 16898 | Lair:4   | You add the spells Cigotuvi's Dreadful Rot, Dispel Undead
                  | and Death Channel to your library.
 17061 | Lair:4   | Reached skill level 13 in Fighting
 17061 | Lair:4   | Reached skill level 16 in Ranged Weapons
 17061 | Lair:4   | Reached skill level 9 in Invocations
 17064 | Lair:4   | Reached XP level 14. HP: 114/118 MP: 17/20
 17721 | Lair:5   | Entered Level 5 of the Lair of Beasts
 17876 | Lair:4   | Reached skill level 14 in Fighting
 17894 | Lair:5   | You add the spells Gell's Gravitas, Teleport Other and
                  | Passage of Golubria to your library.
 17894 | Lair:5   | Got the Volume of the Wayfarer
 18018 | Lair:5   | Reached ****** piety under Fedhas
 18243 | Lair:5   | Found a dark tunnel.
 18303 | Lair:5   | Reached skill level 17 in Ranged Weapons
 18843 | Lair:5   | Noticed a dire elephant
 18855 | Lair:5   | Killed a dire elephant
 18895 | Lair:5   | Identified the ring of the Scarab {rF+ rN+}
 19232 | Orc:1    | Entered Level 1 of the Orcish Mines
 19338 | Orc:1    | Found Figite's Antique Weapon Shop.
 19344 | Orc:1    | Reached skill level 18 in Ranged Weapons
 19396 | Orc:1    | Noticed Snorg
 19399 | Orc:1    | Killed Snorg
 19680 | Orc:2    | Entered Level 2 of the Orcish Mines
 19792 | Orc:2    | Found a staircase to the Elven Halls.
 20048 | Orc:2    | Reached XP level 15. HP: 113/126 MP: 22/22
 20091 | Orc:2    | Reached skill level 10 in Invocations
 20100 | Orc:2    | Found a runed translucent door.
 20100 | Orc:2    | Noticed greasedhog's ghost (journeyman GrIE)
 20126 | Orc:2    | Found Cabracag's Assorted Antiques.
 20126 | Orc:2    | Found Seoxouj's General Store.
 20126 | Orc:2    | Found Taastroli's Antique Weapon Shoppe.
 20130 | Orc:2    | Found Piubel's Magic Scroll Shoppe.
 20139 | Orc:2    | Bought a scroll labelled ASUHAHU FIQU for 23 gold pieces
 20145 | Orc:2    | Bought a scroll of enchant armour for 90 gold pieces
 20148 | Orc:2    | Bought a scroll of blinking for 120 gold pieces
 20148 | Orc:2    | Bought a scroll of blinking for 120 gold pieces
 20148 | Orc:2    | Bought a scroll of enchant weapon for 120 gold pieces
 20587 | Orc:2    | Killed greasedhog's ghost
 20702 | D:13     | Noticed Josephine
 20704 | D:13     | Killed Josephine
 21059 | D:13     | Paralysed by something for 3 turns
 21070 | D:13     | Reached skill level 13 in Dodging
 21723 | D:13     | You are cast into the Abyss!
 21723 | Abyss:2  | Cast into level 2 of the Abyss (a wizard)
 21726 | Abyss:2  | Found a corrupted altar of Lugonu.
 21777 | D:13     | You pass through the gate.
 21777 | D:13     | Escaped the Abyss
 21796 | D:13     | Found a gate to the Vaults.
 21804 | D:13     | Reached skill level 11 in Invocations
 22233 | D:14     | Reached skill level 14 in Dodging
 22308 | D:14     | Found a frozen archway.
 22437 | IceCv    | Entered an ice cave
 22486 | IceCv    | HP: 22/126 [caustic shrike simulacrum (13)]
 23024 | D:14     | Upgraded the game from 0.30-a0-134-gb40fab5c76 to
                  | 0.30-a0-135-g630cfc4551
 23042 | D:15     | Entered Level 15 of the Dungeon
 23287 | D:14     | Reached skill level 12 in Invocations
 23699 | D:15     | Reached XP level 16. HP: 112/133 MP: 25/25
 23704 | D:15     | Reached skill level 15 in Dodging
 23780 | D:15     | You are cast into the Abyss!
 23780 | Abyss:2  | Cast into level 2 of the Abyss (a wizard)
 23891 | Abyss:2  | Found a corrupted altar of Lugonu.
 24010 | Abyss:2  | Noticed a tentacled monstrosity
 24015 | Abyss:2  | Noticed a tentacled starspawn
 24023 | Abyss:2  | Killed a tentacled monstrosity
 24025 | Abyss:2  | Killed a tentacled starspawn
 24046 | Abyss:2  | Noticed a tentacled starspawn
 24048 | Abyss:2  | Killed a tentacled starspawn
 24053 | Abyss:2  | Reached skill level 13 in Invocations
 24100 | D:15     | You pass through the gate.
 24100 | D:15     | Escaped the Abyss
 24199 | D:15     | Identified Roxanne's Meditations on Forms
 24199 | D:15     | Noticed Roxanne
 24226 | D:15     | Killed Roxanne
 24230 | D:15     | You add the spells Sting, Passwall, Petrify and Statue Form
                  | to your library.
 24340 | D:15     | Found a staircase to the Depths.
 24620 | D:15     | Upgraded the game from 0.30-a0-135-g630cfc4551 to
                  | 0.30-a0-137-gd8773701ce
 24800 | Spider:1 | Entered Level 1 of the Spider Nest
 24905 | Spider:1 | Reached skill level 14 in Invocations
 25211 | Spider:1 | You pick up a book of Alchemy and begin reading...
 25746 | Spider:1 | HP: 29/133 [jorogumo (14)]
 25748 | Spider:1 | HP: 11/133 [poisoned by a jorogumo]
 25754 | Spider:1 | HP: 10/133 [jorogumo (20)]
 25761 | Spider:1 | HP: 10/133 [jorogumo (6)]
 25765 | Spider:1 | Mangled by a jorogumo

Vanquished Creatures
  Jorgrun (D:12)
  A tentacled monstrosity (Abyss:2)
  2 tentacled starspawn (Abyss:2)
  Roxanne (D:15)
  A stone giant (D:15)
  A dire elephant (Lair:5)
  Snorg (Orc:1)
  The ghost of greasedhog the Frost Mage, a journeyman GrIE of Vehumet (Orc:2)
  Josephine (D:13)
  4 vault guards (D:13)
  5 hydras
  An ogre mage (D:13)
  3 centaur warriors
  A radroach (Spider:2)
  4 two-headed ogres
  5 boulder beetles
  A catoblepas (Lair:5)
  A two-headed ogre (shapeshifter) (D:15)
  9 death yaks
  3 tengu warriors
  A deep troll shaman (Lair:5)
  4 orc high priests (Orc:2)
  A sixfirhy (Abyss:2)
  13 skeletal warriors
  A pharaoh ant (Spider:1)
  4 starcursed masses (Abyss:2)
  A flayed ghost (Abyss:2)
  A lindwurm (Lair:5)
  2 wizards
  2 wolf spider zombies (D:15)
  5 wolf spiders
  An orc knight (D:13)
  4 orc sorcerers
  14 ugly things
  4 manticores
  2 centaur zombies (D:15)
  5 cyclopes
  8 elephants
  An ice statue (D:14)
  4 black mambas
  5 orange demons
  Joseph (D:9)
  13 cane toads
  3 torpor snails
  4 gargoyles
  Maggie (D:8)
  2 yaktaurs (D:13)
  2 unseen horrors
  2 freezing wraiths
  4 large abominations (Abyss:2)
  5 komodo dragons
  A demonic crawler (Spider:1)
  2 rime drakes
  2 ice devils (IceCv)
  3 meliai (D:14)
  6 trolls
  5 tarantellas (Spider:1)
  2 polar bears
  2 hornets (D:8)
  6 slime creatures
  13 blink frogs
  A meliai zombie (D:15)
  A dream sheep (Lair:5)
  5 jumping spiders (Spider:1)
  A ynoxinul (Abyss:2)
  5 shadows
  50 yaks
  A spriggan (shapeshifter) (D:13)
  4 wyverns
  8 wraiths
  5 hogs (Lair:2)
  6 redbacks (Spider:1)
  A basilisk (Lair:3)
  A steam dragon (D:8)
  10 vampire mosquitoes
  2 acid dragons
  4 wargs
  15 water moccasins
  21 orc warriors
  2 black bears
  6 ice beasts
  5 boggarts (D:13)
  2 centaurs (D:10)
  4 ogres
  16 wolves
  2 kobold brigands
  13 bullfrogs
  7 scorpions
  2 gnoll sergeants
  2 necrophages
  15 wights
  7 killer bees
  3 electric eels (D:12)
  6 howler monkeys
  13 jellies
  3 hounds
  26 orc priests
  4 iguanas
  3 iron imps (D:9)
  29 orc wizards
  6 hell rats (Lair:3)
  11 adders
  24 gnolls
  A shadow imp (D:7)
  2 worms
  3 dart slugs
  87 orcs
  13 endoplasms
  4 giant cockroaches
  4 goblins
  6 hobgoblins
  3 jackals (D:1)
  3 quokkas
  7 ball pythons
  6 bats
  6 frilled lizards
  10 kobolds
  2 rats
718 creatures vanquished.

Vanquished Creatures (collateral kills)
  Kirke (Lair:2)
  A manticore (D:12)
  A cane toad (Lair:2)
  A centaur (Lair:5)
  9 ballistomycete spores
13 creatures vanquished.

Vanquished Creatures (others)
  A wizard (D:13)
  A ballistomycete spore (Lair:4)
  40 fungi
  62 plants
  4 starspawn tentacles (Abyss:2)
  3 withered plants (D:15)
111 creatures vanquished.

Grand Total: 842 creatures vanquished

Table legend:
 A = Non-vault XP
 B = Vault XP
 C = Vault XP percentage of total XP
 D = Non-vault monster count
 E = Vault monster count
 F = Vault count percentage of total count
                 A         B        C        D         E       F
            +---------+---------+-------+---------+---------+-------
      Total |  112550 |   46992 |  29.5 |     538 |     185 |  25.6
            +---------+---------+-------+---------+---------+-------
        D:1 |      52 |       0 |   0.0 |      24 |       0 |   0.0
        D:2 |     117 |       0 |   0.0 |      25 |       0 |   0.0
        D:3 |      97 |       0 |   0.0 |      25 |       0 |   0.0
        D:4 |     314 |       0 |   0.0 |      19 |       0 |   0.0
        D:5 |     636 |       0 |   0.0 |      19 |       0 |   0.0
        D:6 |    1108 |       0 |   0.0 |      15 |       0 |   0.0
        D:7 |    1383 |       0 |   0.0 |      26 |       0 |   0.0
        D:8 |    2746 |     553 |  16.8 |      20 |       2 |   9.1
        D:9 |    1107 |    3378 |  75.3 |      13 |      29 |  69.0
       D:10 |    3025 |     373 |  11.0 |      24 |      24 |  50.0
       D:11 |    3287 |       0 |   0.0 |      17 |       0 |   0.0
       D:12 |    3947 |    4865 |  55.2 |      18 |      11 |  37.9
       D:13 |    4652 |    8340 |  64.2 |      15 |      15 |  50.0
       D:14 |   16765 |     832 |   4.7 |      34 |       2 |   5.6
       D:15 |   12235 |    7327 |  37.5 |      20 |      11 |  35.5
     Lair:1 |    6268 |       0 |   0.0 |      24 |       0 |   0.0
     Lair:2 |    9859 |    2407 |  19.6 |      39 |       6 |  13.3
     Lair:3 |    4622 |       0 |   0.0 |      23 |       0 |   0.0
     Lair:4 |    7823 |     469 |   5.7 |      28 |      13 |  31.7
     Lair:5 |    9418 |    9882 |  51.2 |      21 |      22 |  51.2
   Spider:1 |    7261 |     295 |   3.9 |      22 |       1 |   4.3
   Spider:2 |    1680 |       0 |   0.0 |       2 |       0 |   0.0
      Orc:1 |    2492 |     936 |  27.3 |      18 |       1 |   5.3
      Orc:2 |    1918 |    6283 |  76.6 |      28 |      45 |  61.6
    Abyss:2 |    9738 |       0 |   0.0 |      19 |       0 |   0.0
      IceCv |       0 |    1052 | 100.0 |       0 |       3 | 100.0
            +---------+---------+-------+---------+---------+-------

Illustrated notes

Table legend:
 A = Kills in this place as a percentage of kills in entire the game.
 B = Kills by you in this place as a percentage of kills by you in the entire game.
 C = Kills by friends in this place as a percentage of kills by friends in the entire game.
 D = Other kills in this place as a percentage of other kills in the entire game.
 E = Experience gained in this place as a percentage of experience gained in the entire game.
 F = Experience gained in this place divided by the number of levels of this place that you have seen.
                   A       B       C       D       E      F
               +-------+-------+-------+-------+-------+----------------------
         Total | 100.0 | 100.0 | 100.0 | 100.0 | 100.0 | 5697.9
       Dungeon |  56.4 |  56.5 |  25.0 | 100.0 |  48.4 | 5142.6
          Lair |  24.3 |  24.1 |  75.0 |   0.0 |  31.8 | 10149.6
   Spider Nest |   3.5 |   3.5 |   0.0 |   0.0 |   5.8 | 4618.0
  Orcish Mines |  12.7 |  12.8 |   0.0 |   0.0 |   7.3 | 5814.5
         Abyss |   2.6 |   2.6 |   0.0 |   0.0 |   6.1 | 4869.0
      Ice Cave |   0.4 |   0.4 |   0.0 |   0.0 |   0.7 | 1052.0
               +-------+-------+-------+-------+-------+----------------------

Table legend: (Time is in decaauts)
 A = Elapsed time spent in this place.
 B = Non-inter-level travel time spent in this place.
 C = Inter-level travel time spent in this place.
 D = Time resting spent in this place.
 E = Time spent auto-exploring this place.
 F = Levels seen in this place.
 G = Mean time per level.
                   A        B        C        D        E       F      G
               +--------+--------+--------+--------+--------+-----+--------+
         Total |  28993 |  27032 |   1961 |   3531 |  16492 |  28 | 1035.5 |
       Dungeon |  19366 |  17968 |   1398 |   2528 |  11321 |  15 | 1291.1 |
        Temple |     79 |     71 |      8 |      0 |      0 |   1 |   79.0 |
          Lair |   6345 |   5919 |    426 |    671 |   3396 |   5 | 1269.0 |
   Spider Nest |   1092 |   1046 |     46 |    183 |    726 |   2 |  546.0 |
  Orcish Mines |   1619 |   1538 |     81 |    128 |    852 |   2 |  809.5 |
         Abyss |    437 |    437 |      0 |      5 |    195 |   2 |  218.5 |
      Ice Cave |     52 |     52 |      0 |     15 |      0 |   1 |   52.0 |
               +--------+--------+--------+--------+--------+-----+--------+

Top non-repeatable levels by time:
     D:8: 1870 daAuts
     D:9: 1570 daAuts
  Lair:2: 1556 daAuts
     D:1: 1549 daAuts
  Lair:5: 1446 daAuts
    D:13: 1384 daAuts
    D:14: 1348 daAuts
    D:11: 1342 daAuts
     D:2: 1323 daAuts
     D:4: 1296 daAuts
    D:12: 1258 daAuts
     D:7: 1228 daAuts
    D:15: 1227 daAuts
  Lair:4: 1169 daAuts
    D:10: 1134 daAuts
